 Dungeon Crawl Stone Soup version 0.28.0-45-g0d030f2227 (webtiles) character file.

Game seed: 7383054789266202803

91 safid the Chopper (level 4, 0/40 HPs)
             Began as a Hill Orc Fighter on Apr 22, 2022.
             Killed by nerve-wracking pain
             ... invoked by Grinder
              (13 damage)
             ... while paralysed by Grinder
             ... on level 3 of the Dungeon.
             The game lasted 00:02:33 (2012 turns).

safid the Chopper (Hill Orc Fighter)                Turns: 2012, Time: 00:02:34

Health: 0/40       AC:  8    Str: 20    XL:     4   Next: 57%
Magic:  4/4        EV:  2    Int: 11    God:
Gold:   81         SH:  0    Dex: 10    Spells: 3/3 levels left

rFire   + . .      SeeInvis .   a - +0 war axe
rCold   . . .      Faith    .   c - +0 buckler
rNeg    . . .      Spirit   .   b - +0 scale mail
rPois   .          Reflect  .   j - +0 helmet {Int+3}
rElec   .          Harm     .   (no cloak)
rCorr   .          Rampage  .   (no gloves)
Will    .....                   (no boots)
Stlth   ..........              (no amulet)
HPRegen 0.13/turn               m - ring of protection from fire
MPRegen 0.09/turn               (no ring)

@: paralysed
A: no striking features
a: no special abilities


You were on level 3 of the Dungeon.
You visited 1 branch of the dungeon, and saw 3 of its levels.

You collected 81 gold pieces.

Inventory:

Hand Weapons
 a - a +0 war axe (weapon)
Armour
 b - a +0 scale mail (worn)
 c - a +0 buckler (worn)
 j - a +0 helmet of intelligence (worn)
Jewellery
 m - a ring of protection from fire (left hand)
Scrolls
 g - 2 scrolls of identify {unknown}
 h - 2 scrolls of teleportation {unknown}
 i - a scroll of enchant armour {unknown}
 k - a scroll of immolation {unknown}
 l - a scroll of silence {unknown}
Potions
 d - 2 potions of might
 e - a potion of attraction {unknown}
 f - 2 potions of curing {unknown}


   Skills:
 - Level 4.0 Fighting
 + Level 4.5 Axes
 - Level 4.0 Armour
 - Level 4.0 Shields


You had 3 spell levels left.
You didn't know any spells.
Your spell library contained the following spells:

 Spells                   Type           Power      Damage    Failure   Level
 Summon Small Mammal      Summ           0%         N/A       78%         1
 Call Canine Familiar     Summ           0%         N/A       98%         3
 Summon Guardian Golem    Hex/Summ       0%         N/A       98%         3


Dungeon Overview and Level Annotations

Branches:
Dungeon (3/15)

Altars:

Annotations:
D:3 Grinder


Message History

A ball python comes into view.
Grinder gestures at you. Pain shoots through your body!
The ball python hisses angrily.
Grinder hits you but does no damage.
Unknown command.
You slash Grinder!
Grinder is moderately wounded.
You block Grinder's attack.
A hobgoblin comes into view.
You slash Grinder!
Grinder is severely wounded.
Grinder hits you.
You writhe in agony.
Grinder hits you!
You slash Grinder!
Grinder is almost dead.
Grinder closely misses you.
You hit Grinder.
Grinder is almost dead.
Grinder hits you.
Grinder says, "At least Makhleb appreciates what I'm doing."
Grinder hits you.
You writhe in agony.
* * * LOW HITPOINT WARNING * * *
Unknown command.
You closely miss Grinder.
Grinder is almost dead.
Grinder blinks!
You slash the ball python!
You kill the ball python!
You closely miss the hobgoblin.
The hobgoblin hits you but does no damage.
You block the hobgoblin's attack.
You slash the hobgoblin!
You kill the hobgoblin!
Grinder blinks!
Grinder grins, showing sharp teeth.
Grinder gestures at you.
You suddenly lose the ability to move!
Grinder gestures at you. Pain shoots through your body!
You die...

#.......# #######.#
.. #.# .## #.# .. #.#
.. ######.#### .#
#.....†...# .# #
#....#.##.###.##...#
..........§..@5......
##....#.##.###.##...#
#.#.#..##.# ... #
#.###.###.# ###.# #
#. #.# # .. ..# ###


You could see Grinder.

Vanquished Creatures
  Robin (D:2)
  3 adders (D:2)
  A dart slug (D:2)
  3 endoplasms (D:2)
  2 giant cockroaches
  13 goblins
  5 hobgoblins
  3 kobolds
  A quokka (D:3)
  8 ball pythons
  6 bats
  2 frilled lizards
  A rat (D:2)
49 creatures vanquished.

Notes
Turn   | Place    | Note
-------+----------+-------------------------------------------
     0 | D:1      | safid the Hill Orc Fighter began the quest for the Orb.
     0 | D:1      | Reached XP level 1. HP: 19/19 MP: 1/1
   153 | D:1      | Reached XP level 2. HP: 27/27 MP: 2/2
   519 | D:2      | Noticed Robin
   730 | D:2      | Reached XP level 3. HP: 30/33 MP: 3/3
   924 | D:2      | Killed Robin
  1288 | D:2      | Reached XP level 4. HP: 40/40 MP: 4/4
  2000 | D:3      | Noticed Grinder
  2011 | D:3      | Paralysed by Grinder for 7 turns
  2012 | D:3      | Killed from afar by Grinder

Illustrated notes

Levels and vault maps discovered:
D:1:      dpeg_arrival_pits, layout_rooms, minmay_misc_feat_cross,
          minmay_misc_feat_pillars
D:2:      layout_basic, uniq_robin
D:3:      layout_loops_corners, hellmonk_ecumenical_altar_lost_god, uniq_grinder

Skill      XL: |  1  2  3  4 |
---------------+-------------+-----
Axes           | 3 4 |  4.5
Fighting       | 4 |  4.0
Armour         | 4 |  4.0
Shields        | 4 |  4.0

Action                   |  1- 3 |  4- 6 || total
-------------------------+-------+-------++-------
Melee: War axe           |    90 |    42 ||   132
Armor: Scale mail        |    47 |    24 ||    71
Dodge: Dodged            |    59 |    23 ||    82
Block: Buckler           |    20 |     8 ||    28
